 Dungeon Crawl Stone Soup version 0.31-a0-971-g75a2e9a4b4 (webtiles) character file.

Game seed: 6325905703435701301

2045 Xavori the Trooper (level 9, -11/106 HPs)
             Began as a Djinni Chaos Knight on Oct 28, 2023.
             Was a Plaything of Xom.
             Mangled by an orc warrior
             ... wielding a +3 war axe
              (16 damage)
             ... on level 6 of the Dungeon.
             The game lasted 00:06:58 (13521 turns).

Xavori the Trooper (Djinni Chaos Knight)           Turns: 13521, Time: 00:06:59

Health: -11/106    AC: 12    Str: 11    XL:     9   Next: 48%
Gold:   1802       EV: 14    Int: 13    God:    Xom [...*..] SH:  0 Dex: 16

rFire   + + .        G - +2 long sword (flame)
rCold   x . .        (no shield)
rNeg    . . .        b - +3 leather armour
rPois   ∞            D - +2 helmet
rElec   .            x - +2 cloak
rCorr   .            (no gloves)
SInv    .            (boots unavailable)
Will    ++...        (no amulet) Stlth
                     A - ring of willpower
HPRegen 0.37/turn    (no ring)
MPRegen 0.00/turn

%: infuse magic (-12 HP)
@: berserking, enlightened, flying, very quick
A: sickness immunity, fire resistance 2, cold vulnerability 1, float, innate
caster, HP casting, extra vitality 1, clumsy 1, mutation resistance 1, robust 1,
screaming 1, wild magic 2, MP-powered wands, sturdy frame 1
a: Renounce Religion


You were on level 6 of the Dungeon.
You worshipped Xom.
You were a favourite toy of Xom.
You visited 1 branch of the dungeon, and saw 6 of its levels.

You collected 2244 gold pieces.
You spent 442 gold pieces at shops.

Inventory:

Hand Weapons
 G - a +2 long sword of flaming (weapon)
Missiles
 o - a throwing net
Armour
 b - a +3 leather armour (worn)
 f - a +0 helmet
 x - a +2 cloak (worn)
 D - a +2 helmet (worn)
Jewellery
 A - a ring of willpower (left hand)
Wands
 q - a wand of iceblast (10)
 w - a wand of paralysis (7)
Scrolls
 c - a scroll of butterflies
 d - a scroll of summoning {unknown}
 g - 2 scrolls of fog
 h - a scroll of amnesia {unknown}
 j - a scroll of enchant armour
 k - a scroll of vulnerability {unknown}
 l - a scroll of identify {unknown}
 m - a scroll of torment {unknown}
 n - a scroll of revelation
 p - a scroll of immolation {unknown}
 t - a scroll of brand weapon
 v - a scroll of blinking {unknown}
 y - a scroll of teleportation {unknown}
 B - a scroll of silence {unknown}
Potions
 e - a potion of haste {unknown}
 i - a potion of enlightenment
 r - 2 potions of might
 s - a potion of curing {unknown}
 u - a potion of lignification {unknown}
 z - a potion of berserk rage
 C - a potion of cancellation {unknown}
 E - a potion of heal wounds {unknown}
 F - a potion of attraction {unknown}


   Skills:
 + Level 5.2 Fighting
 + Level 4.7 Long Blades
 + Level 4.2 Armour
 + Level 5.1 Dodging
 * Level 4.2 Spellcasting
 * Level 4.2 Conjurations
 * Level 4.2 Hexes
   Level 0.0 Charms
 * Level 4.2 Summonings
 * Level 4.2 Necromancy
 * Level 4.2 Translocations
 * Level 4.2 Transmutations
 * Level 4.2 Fire Magic
 * Level 4.2 Ice Magic
 * Level 4.2 Air Magic
 * Level 4.2 Earth Magic
 * Level 4.2 Poison Magic
 * Level 5.1 Evocations


You knew the following spells:

 Your Spells              Type           Power      Damage    Failure   Level
a - Freeze                Ice            84%        1d9       10%         1
b - Call Imp              Summ           42%        N/A       13%         2
c - Wereblood             Tmut           21%        N/A       13%         2
d - Leda's Liquefaction   Hex/Erth       10%        N/A       54%         4
Your spell library was empty.

Dungeon Overview and Level Annotations

Branches:
Dungeon (6/15)
 Temple: D:4-7

Altars:
Fedhas
Xom
Yredelemnul

Shops:
D:1 *   D:4 [


Innate Abilities, Weirdness & Mutations

You are immune to sickness and miasma.
You are immune to poison.
Your flesh is very heat resistant. (rF++)
You are vulnerable to cold. (rC-)
You float through the air rather than walking.
You learn spells naturally, not from books.
Your magical power is your life essence.
You have superior vitality. (+4 MHP)
You are clumsy. (Dex -2)
You are somewhat resistant to further mutation.
You are robust. (+10% HP)
You occasionally shout uncontrollably at your foes.
Your spells are harder to cast, but more powerful.
You expend health (3 HP) to strengthen your wands.
Your movements are slightly less encumbered by armour. (ER -2)


Message History

As you read the scroll labelled QUTESI OSTITS, it dissolves into smoke.
It was a scroll of fog.
The orc hits you with a +0 mace.
* * * LOW HITPOINT WARNING * * *
The orc barely misses you.
As you read the scroll labelled YHOTHR MIEPU, it crumbles to dust.
You feel aware of your surroundings.
You sensed 1 altar.
It was a scroll of revelation.
The orc closely misses you. The orc hits you but does no damage.
As you read the scroll labelled MIAN JIQUAD, it crumbles to dust.
It is a scroll of brand weapon.
Your +2 long sword is engulfed in flames!
G - a +2 long sword of flaming (weapon)
The orc barely misses you. The orc hits you but does no damage.
As you read the scroll labelled NAMESO UGIBRA, it crumbles to dust.
It is a scroll of enchant armour.
Your +2 leather armour glows green for a moment.
The orc closely misses you. The orc misses you.
Hit: G) +2 long sword (flame)
Press: ? - help, Dir - move target, f - orc
Aim: an orc, wielding a +0 falchion (blue smoke, about 35% to evade your +2 long sword of flaming)
Okay, then.
Okay, then.
It was a potion of enlightenment.
You feel more buoyant.
Xom roars with laughter!
The orc hits you with a +0 mace!
* * * LOW HITPOINT WARNING * * *
The orc hits you but does no damage.
It was a potion of berserk rage.
A red film seems to cover your vision as you go berserk!
You feel yourself moving faster!
You feel mighty! The orc hits you with a +0 falchion.
* * * LOW HITPOINT WARNING * * *
The orc barely misses you.
You slice the orc!! You burn the orc.
You kill the orc!
The orc hits you but does no damage.
The orc warrior hits you with a +3 war axe!
You die...
Xom giggles madly!

#..# #..# ####..########
#####.########
#####.########
#####..#######
#####§§#######
#####§o#######
######@#######
######o§§#####
####..§§§##### ***
####.§§§§##### ***,**
###....§§§####
*,,,,***##........####
**,,,,*,,..........####
**,,,,,,,,.#.......#####
*,,,,,,,**##.......#####


You could see an orc warrior and an orc.

Vanquished Creatures
  A black mamba (shapeshifter) (D:5)
  A troll (D:5)
  A black bear (D:5)
  2 ice beasts (D:5)
  A centaur (D:5)
  A phantom (D:5)
  A scorpion (D:5)
  5 wights (D:6)
  A howler monkey (D:5)
  An orc priest (D:5)
  3 hounds (D:5)
  3 iguanas (D:5)
  Natasha (thrice) (D:4)
  2 orc wizards
  4 gnolls (D:3)
  7 adders
  3 white imps (D:5)
  2 worms (D:2)
  2 dart slugs
  19 orcs
  10 endoplasms
  6 goblins
  4 hobgoblins
  4 jackals (D:2)
  8 kobolds
  8 quokkas
  3 ball pythons
  2 bats
  A frilled lizard (D:2)
  3 rats
112 creatures vanquished.

Vanquished Creatures (collateral kills)
  An ogre (D:5)
  A hound (D:5)
  An orc wizard (D:5)
  A shadow imp (D:5)
  An ufetubus (D:5)
  A dart slug (D:1)
  2 orcs (D:5)
  A rat (D:1)
9 creatures vanquished.

Vanquished Creatures (others)
  Blork the orc (D:5)
  An iguana (D:5)
2 creatures vanquished.

Grand Total: 123 creatures vanquished

Notes
Turn   | Place    | Note
-------+----------+-------------------------------------------
     0 | D:1      | Xavori the Djinni Chaos Knight began the quest for the Orb.
     0 | D:1      | Reached XP level 1. HP: 20/20 MP: 0/0
    66 | D:1      | Reached XP level 2. HP: 25/25 MP: 0/0
   389 | D:1      | XOM: cast spell 'Call Canine Familiar'
   396 | D:1      | Found Vilelinku's Assorted Antiques.
   401 | D:1      | Reached XP level 3. HP: 30/30 MP: 0/0
   401 | D:1      | Learned a level 1 spell: Freeze
   968 | D:1      | XOM: god gift: 55 gold pieces
  1532 | D:1      | XOM: give mutations
  1532 | D:1      | Gained mutation: You have very sharp teeth. [Xom's grace]
  1532 | D:1      | Gained mutation: You are somewhat resistant to further
                  | mutation. [Xom's grace]
  1532 | D:1      | Gained mutation: Your movements are slightly less
                  | encumbered by armour. (ER -2) [Xom's grace]
  1532 | D:1      | Gained mutation: You are robust. (+10% HP) [Xom's grace]
  1887 | D:1      | XOM: god gift: shiny ring mail {god gift}
  2251 | D:1      | XOM: give mutations
  2251 | D:1      | Lost mutation: You are robust. (+10% HP) [Xom's mischief]
  2251 | D:1      | Lost mutation: You have very sharp teeth. [Xom's mischief]
  2328 | D:1      | XOM: cloud trail
  2506 | D:1      | XOM: give mutation
  2506 | D:1      | Gained mutation: Your mind is acute. (Int +4, Str/Dex -1)
                  | [Xom's grace]
  2754 | D:1      | XOM: divination: magic mapping
  3224 | D:1      | XOM: give mutations
  3224 | D:1      | Gained mutation: You occasionally shout uncontrollably at
                  | your foes. [Xom's mischief]
  3224 | D:1      | Gained mutation: You are clumsy. (Dex -2) [Xom's mischief]
  4203 | D:1      | XOM: 5-stop teleportation journey
  4463 | D:2      | XOM: god gift: 39 gold pieces
  5104 | D:1      | XOM: give mutations
  5104 | D:1      | Gained mutation: Your muscles are strong. (Str +4, Int/Dex
                  | -1) [Xom's grace]
  5104 | D:1      | Gained mutation: Your spells are a little harder to cast,
                  | but a little more powerful. [Xom's grace]
  5104 | D:1      | Gained mutation: Your spells are harder to cast, but more
                  | powerful. [Xom's grace]
  5345 | D:1      | XOM: give mutations
  5345 | D:1      | Lost mutation: Your movements are slightly less encumbered
                  | by armour. (ER -2) [Xom's mischief]
  5345 | D:1      | Gained mutation: Your muscles are very strong. (Str +8,
                  | Int/Dex -2) [Xom's mischief]
  5345 | D:1      | Lost mutation: Your muscles are very strong. (Str +8,
                  | Int/Dex -2) [Xom's mischief]
  5345 | D:1      | Lost mutation: Your mind is acute. (Int +4, Str/Dex -1)
                  | [Xom's mischief]
  5879 | D:1      | XOM: summons 1 hostile demon
  6213 | D:2      | XOM: summons 2 hostile demons
  6214 | D:2      | Noticed a rust devil
  6214 | D:2      | Noticed a rust devil
  6511 | D:1      | XOM: torment (16/30 hp)
  7716 | D:1      | XOM is BORED!
  7716 | D:1      | XOM: silly message
  8796 | D:2      | Reached skill level 1 in Spellcasting
  8796 | D:2      | Reached skill level 1 in Conjurations
  8796 | D:2      | Reached skill level 1 in Hexes
  8796 | D:2      | Reached skill level 1 in Summonings
  8796 | D:2      | Reached skill level 1 in Necromancy
  8796 | D:2      | Reached skill level 1 in Translocations
  8796 | D:2      | Reached skill level 1 in Transmutations
  8796 | D:2      | Reached skill level 1 in Fire Magic
  8796 | D:2      | Reached skill level 1 in Ice Magic
  8796 | D:2      | Reached skill level 1 in Air Magic
  8796 | D:2      | Reached skill level 1 in Earth Magic
  8796 | D:2      | Reached skill level 1 in Poison Magic
  9115 | D:2      | XOM: enchant monster (bad)
  9211 | D:2      | XOM: give mutations
  9211 | D:2      | Lost mutation: Your muscles are strong. (Str +4, Int/Dex
                  | -1) [Xom's mischief]
  9211 | D:2      | Gained mutation: You are robust. (+10% HP) [Xom's mischief]
  9272 | D:3      | Reached XP level 4. HP: 37/38 MP: 0/0
  9627 | D:3      | XOM: god gift: 742 gold pieces
  9790 | D:3      | XOM: god gift: 10 gold pieces
  9859 | D:3      | Reached XP level 5. HP: 12/44 MP: 0/0
  9859 | D:3      | Learned a level 2 spell: Call Imp
  9869 | D:3      | XOM: enchant monster (good)
 10104 | D:3      | XOM: god gift: 1094 gold pieces
 10145 | D:4      | Found a blossoming altar of Fedhas.
 10262 | D:4      | Noticed Natasha
 10262 | D:4      | XOM: 2-stop teleportation journey
 10271 | D:4      | Killed Natasha
 10272 | D:4      | Reached XP level 6. HP: 45/51 MP: 0/0
 10272 | D:4      | XOM: enchant monster (good)
 10290 | D:4      | Reached skill level 1 in Evocations
 10347 | D:4      | XOM: cloud trail
 10501 | D:4      | XOM: scenery: 1 doors open
 10516 | D:4      | Found Ewobb's Antique Armour Shop.
 10523 | D:4      | Bought a warped cloak for 247 gold pieces
 10523 | D:4      | Identified the +0 cloak of Ruilainu {rC- Str+7 Dex-3
                  | Stlth+} (You bought it in a shop on level 4 of the Dungeon)
 10524 | D:4      | Bought a glowing cloak for 195 gold pieces
 10580 | D:4      | Noticed Natasha
 10589 | D:4      | Killed Natasha
 10914 | D:4      | Noticed Natasha
 10918 | D:4      | XOM: blink monster(s)
 10922 | D:4      | Killed Natasha
 10934 | D:4      | XOM: god gift: book of the Dragon
 11058 | D:4      | You are sucked into a shaft and drop 1 floor!
 11058 | D:5      | Entered Level 5 of the Dungeon
 11196 | D:4      | XOM: scenery: create altars
 11311 | D:5      | Reached XP level 7. HP: 48/56 MP: 0/0
 11311 | D:5      | Learned a level 2 spell: Wereblood
 11691 | D:5      | Noticed Blork the orc
 11712 | D:5      | Killed Blork the orc
 11712 | D:5      | XOM: divine lightning
 11824 | D:5      | XOM: summons 1 hostile demon
 12006 | D:5      | Found a basalt altar of Yredelemnul.
 12116 | D:5      | XOM: potion effect (berserk rage)
 12128 | D:5      | Reached XP level 8. HP: 63/63 MP: 0/0
 12171 | D:5      | XOM: cloud trail
 12381 | D:5      | Noticed a troll
 12399 | D:5      | Noticed Sigmund
 12404 | D:5      | Sigmund changed into Sigmund the howler monkey
 12404 | D:5      | Noticed Sigmund
 12410 | D:5      | Killed Sigmund the howler monkey
 12475 | D:5      | a scorpion changed into a shapeshifter
 12475 | D:5      | Noticed a shapeshifter (shapeshifter)
 12475 | D:5      | a shapeshifter changed into a black mamba
 12475 | D:5      | Noticed a black mamba (shapeshifter)
 12483 | D:5      | Killed a black mamba
 12491 | D:5      | Reached XP level 9. HP: 12/70 MP: 0/0
 12491 | D:5      | Learned a level 4 spell: Leda's Liquefaction
 12790 | D:5      | XOM: god gift: runed helmet {god gift}
 12795 | D:5      | XOM: noise
 12808 | D:5      | Killed a troll
 12809 | D:5      | Reached skill level 5 in Fighting
 12916 | D:5      | Reached skill level 5 in Dodging
 13293 | D:5      | XOM: give mutations
 13293 | D:5      | Gained mutation: You expend health (3 HP) to strengthen
                  | your wands. [Xom's grace]
 13293 | D:5      | Gained mutation: Your movements are slightly less
                  | encumbered by armour. (ER -2) [Xom's grace]
 13325 | D:6      | XOM: noise
 13399 | D:6      | Reached skill level 5 in Evocations
 13499 | D:6      | XOM: confusion
 13504 | D:6      | XOM: swap monsters
 13519 | D:6      | HP: 4/106 [orc/+0 falchion (4)]
 13521 | D:6      | Mangled by an orc warrior

Illustrated notes

Levels and vault maps discovered:
D:1:      onia_arrival_pentagram, layout_basic, serial_shops, shop
D:2:      layout_loops_ring, minmay_misc_feat_ornament,
          chequers_serial_rivers_small_b, chequers_serial_rivers_room_b
D:3:      layout_basic
D:4:      layout_loops_ring, mainiacjoe_overflow_tiny_flanked,
          mainiacjoe_overflow_alcove_4, nicolae_stop_n_shop_2, nrook_uturn,
          minmay_starry_boxes, uniq_natasha, uniq_crazy_yiuf_cottage
D:5:      minmay_clustersquares, layout_loops_ring, mainiacjoe_overflow_catwalk,
          uniq_blork_the_orc, uniq_sigmund
D:6:      minmay_recursive_quarters, layout_cave_pods, fiery_altar_vehumet,
          uniq_jeremiah

Skill      XL: |  1  2  3  4  5  6  7  8  9 |
---------------+----------------------------+-----
Long Blades    | 3 4 |  4.7
Spellcasting   | 1 2 3 4 |  4.2
Conjurations   | 1 2 3 4 |  4.2
Hexes          | 1 2 3 4 |  4.2
Summonings     | 1 2 3 4 |  4.2
Necromancy     | 1 2 3 4 |  4.2
Translocations | 1 2 3 4 |  4.2
Transmutations | 1 2 3 4 |  4.2
Fire Magic     | 1 2 3 4 |  4.2
Ice Magic      | 1 2 3 4 |  4.2
Air Magic      | 1 2 3 4 |  4.2
Earth Magic    | 1 2 3 4 |  4.2
Poison Magic   | 1 2 3 4 |  4.2
Armour         | 2 3 4 |  4.2
Dodging        | 3 4 5 |  5.1
Evocations     | 1 3 4 5 |  5.1
Fighting       | 4 5 |  5.2

Action                     |  1- 3 |  4- 6 |  7- 9 || total
---------------------------+-------+-------+-------++-------
  Melee: Falchion          |   115 |   154 |   189 ||   458
         Punch             |       |     2 |     1 ||     3
         Long sword        |       |       |    10 ||    10
   Cast: Call Imp          |       |     1 |       ||     1
  Evoke: Wand              |       |       |     8 ||     8
    Use: Potion            |       |       |     3 ||     3
         Scroll            |       |       |     4 ||     4
   Stab: Confused          |       |       |     1 ||     1
         Sleeping          |       |       |     1 ||     1
         Paralysed         |       |       |    21 ||    21
 Armour: Leather armour    |    67 |   162 |   165 ||   394
  Dodge: Dodged            |    77 |   120 |   134 ||   331

Table legend: (Time is in decaauts)
 A = Elapsed time spent in this place.
 B = Non-inter-level travel time spent in this place.
 C = Inter-level travel time spent in this place.
 D = Time resting spent in this place.
 E = Time spent auto-exploring this place.
 F = Levels seen in this place.
 G = Mean time per level.
                   A        B        C        D        E       F      G
               +--------+--------+--------+--------+--------+-----+--------+
         Total |  13601 |  13454 |    147 |   8722 |   3631 |   6 | 2266.8 |
       Dungeon |  13601 |  13454 |    147 |   8722 |   3631 |   6 | 2266.8 |
               +--------+--------+--------+--------+--------+-----+--------+

Top non-repeatable levels by time:
     D:1: 8119 daAuts
     D:5: 2065 daAuts
     D:4: 1176 daAuts
     D:2: 1168 daAuts
     D:3: 874 daAuts
     D:6: 197 daAuts
